 Dungeon Crawl Stone Soup version 0.32-a0-530-gb6d6f0d0ac (webtiles) character file.

Game seed: 6435918323395937153

1876 joopi the Chopper (level 9, -5/68 (69) HPs)
             Began as a Coglin Gladiator on Feb 27, 2024.
             Was a Plaything of Xom.
             Slain by a wight
             ... wielding a +4 war axe of freezing
              (14 damage)
             ... on level 7 of the Dungeon.
             The game lasted 00:11:15 (6118 turns).

joopi the Chopper (Coglin Gladiator)                Turns: 6118, Time: 00:11:15

HP:   -5/68 (69)    AC:  6    Str: 16    XL:     9   Next: 14%
MP:   9/9           EV: 15    Int:  9    God:    Xom [..*...]
Gold: 352           SH:  0    Dex: 20    Spells: 8/8 levels left

rFire   . . .        y - +0 falchion (venom) {Hideko}
rCold   . . .        u - +7 long sword "Feif" {venom, rElec rCorr SInv}
rNeg    . . .        b - +0 leather armour
rPois   .            c - +0 helmet
rElec   +            (no cloak)
rCorr   +            A - +1 pair of gloves {Dex+3}
SInv    +            (no boots)
Will    .....        (no amulet)
Stlth   +            (ring unavailable)
HPRegen 0.31/turn    (ring unavailable)
MPRegen 0.11/turn

%: no passive effects
@: lightly drained, revving
A: off-hand wielding, slow wielding, warmup strikes, no rings
a: Renounce Religion


You were on level 7 of the Dungeon.
You worshipped Xom.
You were a toy of Xom.
You visited 2 branches of the dungeon, and saw 8 of its levels.

You collected 352 gold pieces.

Inventory:

Hand Weapons
 u - the +7 long sword "Feif" (offhand) {venom, rElec rCorr SInv}
   (You found it on level 4 of the Dungeon)

   rElec:     It insulates you from electricity.
   SInv:      It lets you see invisible.
   rCorr:     It protects you from acid and corrosion.
 y - a +0 falchion of venom (weapon) {Hideko}
Missiles
 d - 3 throwing nets (quivered)
 e - a javelin
Armour
 b - a +0 leather armour (worn)
 c - a +0 helmet (worn)
 A - a +1 pair of gloves of dexterity (worn)
Wands
 f - a wand of polymorph (7)
 l - a wand of mindburst (12)
 v - a wand of acid (9)
Scrolls
 i - a scroll of silence
 j - a scroll of enchant armour
 k - a scroll of identify
 o - a scroll of teleportation
 r - a scroll of butterflies
 t - 2 scrolls of poison
 w - a scroll of noise
 x - a scroll of torment
Potions
 h - a potion of brilliance {unknown}
 m - 2 potions of invisibility {unknown}
 n - a potion of curing {unknown}
 s - a potion of lignification {unknown}
 z - a potion of haste {unknown}


   Skills:
 + Level 5.7 Fighting
 + Level 3.7 Long Blades
 + Level 6.1 Axes
 + Level 5.2 Throwing
 + Level 5.6 Dodging


You had 8 spell levels left.
You didn't know any spells.
Your spell library contained the following spells:

 Spells                   Type           Power      Damage    Failure   Level
 Apportation              Tloc           0%         N/A       45%         1
 Necrotise                Necr           0%         1d4       45%         1
 Sting                    Conj/Alch      0%         1d3       45%         1
 Summon Small Mammal      Summ           0%         N/A       45%         1
 Blink                    Tloc           0%         N/A       58%         2
 Ensorcelled Hibernation  Hex/Ice        0%         N/A       58%         2
 Jinxbite                 Hex            0%         N/A       58%         2
 Lesser Beckoning         Tloc           0%         N/A       58%         2
 Momentum Strike          Conj/Tloc      0%         3d8       58%         2
 Dazzling Flash           Conj/Hex       0%         N/A       83%         3
 Fugue of the Fallen      Necr           0%         N/A       83%         3
 Ozocubu's Armour         Ice            0%         N/A       83%         3
 Passwall                 Erth           0%         N/A       83%         3
 Swiftness                Air            0%         N/A       83%         3
 Volatile Blastmotes      Fire/Tloc      0%         2d10      83%         3
 Anguish                  Hex/Necr       0%         N/A       99%         4
 Manifold Assault         Tloc           0%         N/A       99%         4
 Alistair's Intoxication  Alch           0%         N/A       100%        5
 Starburst                Conj/Fire      0%         6d3       100%        6
 Maxwell's Capacitive Co  Air            0%         ∞         100%        8


Dungeon Overview and Level Annotations

Branches:
Dungeon (7/15)             Temple (1/1) D:6

Altars:
Ashenzari
Cheibriados
Elyvilon
Fedhas
Gozag
Hepliaklqana
Kikubaaqudgha
Makhleb
Nemelex Xobeh
Okawaru
Qazlal
Ru
Sif Muna
Trog
Uskayaw
Vehumet
Wu Jian
Xom
Yredelemnul
Zin
The Shining One


Innate Abilities, Weirdness & Mutations

You can wield a second weapon in your off-hand.
It takes a long time for you to wield or remove held weapons.
Your first few attacks do less damage.
Your grasper-arms cannot wear rings.


Message History

You feel sick.
The killer bee stings you but does no damage. x2
You slash the killer bee with the +7 long sword "Feif"!
The killer bee is poisoned.
The killer bee is almost dead.
You miss the killer bee with your +0 falchion of venom.
You feel sick.
You kill the killer bee!
The killer bee barely misses you. The killer bee completely misses you.
You closely miss the killer bee with the +7 long sword "Feif".
You hit the killer bee but do no damage.
You feel sick. The killer bee misses you. The killer bee barely misses you.
You miss the killer bee with your +0 falchion of venom.
You miss the killer bee with the +7 long sword "Feif".
You feel sick. The killer bee completely misses you.
The killer bee closely misses you.
You barely miss the killer bee with the +7 long sword "Feif".
You miss the killer bee with your +0 falchion of venom.
You feel sick.
The killer bee stings you but does no damage.
The killer bee stings you.
You are more poisoned.
The killer bee poisons you! The killer bee stings you.
As you read the scroll of fear, it crumbles to dust.
You assume a fearsome visage.
The wight is unaffected.
The killer bee looks frightened! x4; You feel sick.
Cornered, the killer bee turns to fight!
You feel sick.
You feel sick. The killer bee closely misses you.
You feel sick. The killer bee closely misses you.
You feel sick. The killer bee stings you!
* * * LOW HITPOINT WARNING * * *
As you read the scroll of fear, it crumbles to dust.
You assume a fearsome visage.
The wight is unaffected. x2
The killer bee looks frightened!
You feel sick.
You feel sick.
You are no longer poisoned.
The wight attacks as it pursues you!
The wight hits you with a +4 war axe of freezing!
You die...

. .#. #..# .....#######
#.#.#........###
..............##
.#.#.#......z...##
..............#z.######
#.#.#.#.##o##.##@<....#
.....).)##.##.#######.#
.#.#.#.#.z.##.#
.........o###.#
#.#.#.#.#y# #.#
.............#
.#.#.#.#y......
...........####
#.#.#.#..###


You could see a wight.

Vanquished Creatures
  Sigmund (D:2)
  Menkaure (D:5)
  An ice beast (D:6)
  A black bear (D:5)
  An orc warrior (D:6)
  An ogre (D:5)
  A centaur (D:5)
  A phantom (D:6)
  A kobold brigand (D:4)
  2 scorpions
  2 wights (D:7)
  4 killer bees
  3 orc priests
  4 hounds
  A gnoll bouda (D:4)
  4 orc wizards
  A sleepcap (D:3)
  An iguana (D:3)
  8 adders
  4 gnolls (D:4)
  A shadow imp (D:6)
  A white imp (D:5)
  2 ufetubi (D:4)
  2 dart slugs
  A ribbon worm (D:3)
  12 orcs
  9 endoplasms
  6 giant cockroaches
  13 goblins
  3 hobgoblins
  2 quokkas (D:1)
  5 ball pythons
  5 bats
  7 frilled lizards
  5 kobolds
  7 rats
124 creatures vanquished.

Notes
Turn   | Place    | Note
-------+----------+-------------------------------------------
     0 | D:1      | joopi the Coglin Gladiator began the quest for the Orb.
     0 | D:1      | Reached XP level 1. HP: 16/16 MP: 1/1
   160 | D:1      | Reached XP level 2. HP: 22/22 MP: 2/2
   608 | D:2      | Noticed Sigmund
   616 | D:2      | Killed Sigmund
   617 | D:2      | Reached skill level 4 in Axes
   617 | D:2      | Reached XP level 3. HP: 19/29 MP: 3/3
   617 | D:2      | Reached XP level 4. HP: 23/35 MP: 4/4
   617 | D:2      | Reached XP level 5. HP: 28/41 MP: 5/5
  1078 | D:2      | Reached XP level 6. HP: 47/47 MP: 6/6
  2155 | D:3      | Found a shimmering blue altar of Sif Muna.
  2299 | D:4      | Identified the +7 long sword "Feif" {venom, rElec rCorr
                  | SInv}
  2309 | D:4      | Found a sparkling altar of Nemelex Xobeh.
  2319 | D:4      | Reached XP level 7. HP: 38/54 MP: 7/7
  2916 | D:4      | Reached skill level 1 in Long Blades
  2923 | D:4      | Found an iron altar of Okawaru.
  2923 | D:4      | Found a bloodstained altar of Trog.
  3419 | D:5      | Entered Level 5 of the Dungeon
  3423 | D:5      | Reached skill level 5 in Axes
  3591 | D:5      | Reached XP level 8. HP: 14/61 MP: 8/8
  3955 | D:5      | Found a stormy altar of Qazlal.
  4177 | D:5      | Noticed Menkaure
  4189 | D:5      | Killed Menkaure
  4190 | D:5      | Reached skill level 5 in Fighting
  4190 | D:5      | Reached skill level 5 in Dodging
  4483 | D:5      | Found a white marble altar of Elyvilon.
  4484 | D:5      | Found a glowing silver altar of Zin.
  4484 | D:5      | Found a glowing golden altar of the Shining One.
  5293 | D:6      | Found an opulent altar of Gozag.
  5445 | D:6      | Reached skill level 6 in Axes
  5445 | D:6      | Reached skill level 5 in Throwing
  5498 | D:6      | Reached XP level 9. HP: 68/68 MP: 9/9
  5801 | D:6      | Found a staircase to the Ecumenical Temple.
  5808 | Temple   | Entered the Ecumenical Temple
  5865 | Temple   | Became a worshipper of Xom of Chaos
  6118 | D:7      | Slain by a wight

Illustrated notes

Levels and vault maps discovered:
D:1:      nzn_arrival_water_spiral, layout_rooms
D:2:      minmay_recursive_quarters, layout_basic, uniq_sigmund
D:3:      layout_basic, led_sif_pool, kennysheep_generic_room_9
D:4:      layout_basic, nicolae_overflow_two_pavilions, old_standard_altar
D:5:      layout_rooms, dreamdust_divine_triumvirate,
          mainiacjoe_overflow_boulevard, uniq_menkaure
D:6:      layout_loops_corners, overflow_temple_1_default,
          minmay_temple_entry_fiery
D:7:      layout_rooms, lemuel_coloured_pillars_altar, hex_medium, hex_large,
          blue_anna_alchemist, hex_intersection
Temple:   chequers_temple_sunken

Skill      XL: |  1  2  3  4  5  6  7  8 |
---------------+-------------------------+-----
Throwing       | 2 3 4 5 |  5.2
Fighting       | 3 4 5 |  5.7
Axes           | 4 5 6 |  6.1
Dodging        | 3 4 5 |  5.6
Long Blades    | 1 3 |  3.7

Action                     |  1- 3 |  4- 6 |  7- 9 || total
---------------------------+-------+-------+-------++-------
  Melee: War axe           |    55 |   172 |    46 ||   273
         Long sword        |       |       |   113 ||   113
         Falchion          |       |       |    68 ||    68
    Use: Potion            |     1 |       |     3 ||     4
         Scroll            |       |       |    15 ||    15
   Stab: Sleeping          |       |     2 |     1 ||     3
         Distracted        |       |     1 |       ||     1
 Armour: Leather armour    |    28 |    43 |   120 ||   191
  Dodge: Dodged            |    30 |    55 |   119 ||   204
         Repelled          |       |     1 |     1 ||     2

Table legend: (Time is in decaauts)
 A = Elapsed time spent in this place.
 B = Non-inter-level travel time spent in this place.
 C = Inter-level travel time spent in this place.
 D = Time resting spent in this place.
 E = Time spent auto-exploring this place.
 F = Levels seen in this place.
 G = Mean time per level.
                   A        B        C        D        E       F      G
               +--------+--------+--------+--------+--------+-----+--------+
         Total |   6203 |   5833 |    370 |    314 |   4701 |   8 |  775.4 |
       Dungeon |   6134 |   5823 |    311 |    314 |   4701 |   7 |  876.3 |
        Temple |     68 |      9 |     59 |      0 |      0 |   1 |   68.0 |
               +--------+--------+--------+--------+--------+-----+--------+

Top non-repeatable levels by time:
     D:4: 1541 daAuts
     D:6: 1334 daAuts
     D:3: 930 daAuts
     D:5: 923 daAuts
     D:2: 747 daAuts
     D:1: 578 daAuts
     D:7: 78 daAuts
  Temple: 68 daAuts
